 Dungeon Crawl Stone Soup version 0.29-a0-553-g81b289dbe5 (webtiles) character file.

Game seed: 7055829512262002025

2068 frimble the Carver (level 9, 0/71 HPs)
             Began as a Meteoran Fighter on June 7, 2022.
             Slain by a gnoll
             ... wielding a +0 flail
             ... led by a gnoll sergeant
              (1 damage)
             ... on level 6 of the Dungeon.
             The game lasted 00:14:41 (1746 turns).

frimble the Carver (Meteoran Fighter)               Turns: 1746, Time: 00:14:42

Health: 0/71       AC:  6    Str: 17 (18) XL:     9   Next: 79%
Magic:  10/10      EV: 14    Int:  9 (10) God:
Gold:   235        SH:  6    Dex: 15 (18) Spells: 8/8 levels left

rFire   . . .      SeeInvis .   p - +5 dagger (flame)
rCold   . . .      Faith    .   c - +0 buckler
rNeg    + + .      Spirit   .   j - +0 steam dragon scales
rPois   +          Reflect  .   n - +0 helmet
rElec   .          Harm     .   (no cloak)
rCorr   .          Rampage  .   (no gloves)
Will    +....                   (no boots)
Stlth   +.........              (no amulet)
HPRegen 0.21/turn               h - ring of poison resistance
MPRegen 0.12/turn               s - ring "Ehiadit" {Wiz rN++}

@: glowing
A: sense surroundings 2, otherworldly, glowing, explore regen
a: no special abilities


You were on level 6 of the Dungeon.
You visited 1 branch of the dungeon, and saw 7 of its levels.
You also visited: Bailey.

You collected 235 gold pieces.

Inventory:

Hand Weapons
 a - a +1 long sword
 p - a +5 dagger of flaming (weapon)
Missiles
 b - 10 boomerangs (quivered)
 f - a javelin
Armour
 c - a +0 buckler (worn)
 i - the +1 hat of Hepliaklqana, Leaping {Will+}
   (You acquired it on level 7 of the Dungeon)

   Will:      It increases your willpower.
 j - +0 steam dragon scales (worn)
 n - a +0 helmet (worn)
 r - a +2 leather armour of cold resistance
Jewellery
 h - a ring of poison resistance (left hand)
 s - the ring "Ehiadit" (right hand) {Wiz rN++}
   (You found it in a bailey)

   [ring of wizardry]

   It improves your spell success rate.
   rN:        It greatly protects you from negative energy.
Potions
 d - a potion of might
 e - a potion of mutation
 g - 2 potions of degeneration
 m - a potion of brilliance
 q - a potion of magic


   Skills:
 - Level 3.6 Fighting
 + Level 3.8(6.2) Short Blades
 - Level 8.2(8.7) Long Blades
 + Level 2.2 Throwing
 - Level 3.6 Armour
 - Level 5.7 Dodging
 - Level 7.0 Shields
 - Level 6.0 Evocations


You had 8 spell levels left.
You didn't know any spells.
Your spell library contained the following spells:

 Spells                   Type           Power      Damage    Failure   Level
 Static Discharge         Conj/Air       0%         N/A       30%         2
 Inner Flame              Hex/Fire       0%         N/A       50%         3
 Portal Projectile        Hex/Tloc       0%         N/A       50%         3
 Tukima's Dance           Hex            0%         N/A       50%         3
 Animate Armour           Summ/Erth      0%         N/A       87%         4
 Cause Fear               Hex            0%         N/A       87%         4
 Dispel Undead            Necr           0%         3d6       87%         4
 Sticky Flame             Conj/Fire      0%         2d3       87%         4
 Blade Hands              Tmut           0%         N/A       99%         5
 Iron Shot                Conj/Erth      0%         9d1       100%        6
 Discord                  Hex            0%         N/A       100%        8


Dungeon Overview and Level Annotations

Branches:
Dungeon (7/15)             Bailey (visited)
 Temple: D:4-7

Altars:

Shops:
D:7 ?


Innate Abilities, Weirdness & Mutations

You passively map the area around you.
You are easily found by Zot.
You glow in the dark.
You regain HP and MP as you explore.


Message History

The gnoll sergeant is lightly wounded.
The gnoll sergeant hits you with a +0 spear.
* * * LOW HITPOINT WARNING * * *
You barely miss the gnoll sergeant.
The gnoll sergeant is lightly wounded.
You don't know any spells.
Unknown command.
You aren't carrying any items that you can evoke.
You aren't carrying any scrolls.
Unknown command.
Unknown command.
Okay, then.
Unknown command.
You barely miss the gnoll sergeant.
The gnoll sergeant is lightly wounded.
You block the gnoll sergeant's attack.
You hit the gnoll sergeant. You burn the gnoll sergeant.
The gnoll sergeant is heavily wounded.
The gnoll barely misses you. The gnoll sergeant closely misses you.
You puncture the gnoll sergeant! You burn the gnoll sergeant.
The gnoll sergeant is almost dead.
The gnoll barely misses you.
The gnoll sergeant hits you with a +0 spear.
* * * LOW HITPOINT WARNING * * *
You hit the gnoll sergeant. You burn the gnoll sergeant.
You kill the gnoll sergeant!
Your Throwing skill increases to level 2!
You completely miss the gnoll. The gnoll hits you with a +0 flail.
* * * LOW HITPOINT WARNING * * *
The gnoll hits you with a +0 club!
* * * LOW HITPOINT WARNING * * *
You hit the gnoll. You burn the gnoll.
The gnoll is heavily wounded.
You feel a little less mighty now. The gnoll hits you with a +0 flail.
* * * LOW HITPOINT WARNING * * *
You hit the gnoll but do no damage.
The gnoll is heavily wounded.
The gnoll barely misses you. The gnoll hits you with a +0 flail.
You die...

* * * , ,* * *
#.############
#....g@g.....#
,*############.#
* ,,, , ,,, ** *
* #..g * #..# *
** * * **#..## ,
, , , , ..g., ,
* * #..# ** #..
,


You could see 2 gnolls.

Vanquished Creatures
  Pikel (D:4)
  Maggie (D:7)
  Duvessa (D:6)
  2 sky beasts
  An ice beast (D:4)
  An ogre (D:5)
  A lemure (D:4)
  A bullfrog (D:7)
  A gnoll sergeant (D:6)
  A scorpion (D:5)
  A necrophage (D:5)
  Dowan (D:6)
  2 wights (D:7)
  4 hounds
  3 orc priests
  2 jellies
  3 iguanas
  3 gnolls
  3 adders
  A shadow imp (D:6)
  A white imp (D:7)
  9 orcs
  2 ball pythons
  2 endoplasms
  7 goblins
  9 hobgoblins
  4 jackals (D:2)
  A quokka (D:4)
  A bat (D:1)
  7 kobolds
  3 rats
80 creatures vanquished.

Notes
Turn   | Place    | Note
-------+----------+-------------------------------------------
     0 | D:1      | frimble the Meteoran Fighter began the quest for the Orb.
     0 | D:1      | Reached XP level 1. HP: 19/19 MP: 2/2
   120 | D:2      | Reached XP level 2. HP: 22/26 MP: 3/3
   126 | D:2      | Reached skill level 3 in Long Blades
   219 | D:3      | Reached XP level 3. HP: 33/33 MP: 4/4
   259 | D:3      | Reached skill level 1 in Evocations
   270 | D:3      | Identified the +1 leather armour of the Equator {Int+2}
   288 | D:3      | Reached XP level 4. HP: 21/40 MP: 5/5
   293 | D:3      | Reached skill level 4 in Long Blades
   408 | D:4      | Noticed Pikel
   408 | D:4      | Noticed a lemure
   433 | D:4      | Killed a lemure
   438 | D:4      | Noticed a lemure
   453 | D:4      | Noticed a lemure
   454 | D:4      | Reached XP level 5. HP: 23/46 MP: 6/6
   463 | D:4      | Killed Pikel
   464 | D:4      | Reached skill level 6 in Long Blades
   464 | D:4      | Reached skill level 5 in Evocations
   464 | D:4      | Reached XP level 6. HP: 19/52 MP: 7/7
   464 | D:4      | Reached XP level 7. HP: 22/58 MP: 8/8
   617 | D:5      | Entered Level 5 of the Dungeon
   628 | D:4      | Reached skill level 7 in Long Blades
   628 | D:4      | Reached skill level 1 in Dodging
   628 | D:4      | Reached XP level 8. HP: 28/66 MP: 9/9
   898 | D:5      | Reached skill level 5 in Shields
  1162 | D:6      | Noticed Duvessa
  1168 | D:6      | Noticed Dowan
  1175 | D:6      | Killed Duvessa
  1176 | D:6      | Reached skill level 8 in Long Blades
  1176 | D:6      | Gained mutation: You passively map the area around you.
                  | [Meteoran growth]
  1176 | D:6      | Reached XP level 9. HP: 59/71 MP: 10/10
  1180 | D:6      | Killed Dowan
  1241 | D:7      | Noticed Maggie
  1255 | D:7      | Killed Maggie
  1256 | D:7      | Reached skill level 5 in Dodging
  1296 | D:7      | Found Lareda's Magic Scroll Emporium.
  1497 | D:7      | Found a flagged portal.
  1507 | Bailey   | Entered a bailey
  1527 | Bailey   | Noticed an orc warlord
  1605 | Bailey   | Found a runed translucent gate.
  1607 | Bailey   | Found a runed translucent gate.
  1609 | Bailey   | Found a runed translucent gate.
  1650 | Bailey   | Identified the ring "Ehiadit" {Wiz rN++}
  1671 | D:7      | Acquired the +1 hat of Hepliaklqana, Leaping {Will+}
  1703 | D:7      | Reached skill level 1 in Throwing
  1744 | D:6      | HP: 2/71 [gnoll/+0 club[a gnoll sergeant] (8)]
  1746 | D:6      | Slain by a gnoll

Illustrated notes

Levels and vault maps discovered:
D:1:      dpeg_arrival_arbitrary_c, layout_rooms
D:2:      layout_rooms, kennysheep_boxes, uniq_jessica
D:3:      layout_rooms, shapermc_ecumenical_altar_gd
D:4:      layout_basic, kennysheep_dice, uniq_pikel
D:5:      layout_layer_cave, water_maze_lemuel
D:6:      layout_basic, minmay_temple_entry_mist, uniq_duvessa
D:7:      minmay_the_grid_triangle_9x9_recursive_2
          [minmay_the_grid_triangle_9x9_prize_center,
          minmay_the_grid_triangle_9x9_shrine,
          minmay_the_grid_triangle_9x9_subtriangle,
          minmay_the_grid_triangle_9x9_stretched_checkered], layout_basic,
          serial_shops, shop_scrolls, enter_bailey_3, st_stairs_3,
          uniq_crazy_yiuf_cottage, uniq_maggie

Skill      XL: |  1  2  3  4  5  6  7  8  9 |
---------------+----------------------------+-----
Long Blades    | 3 4 6 7 8 |  8.2
Evocations     | 2 5 6 |  6.0
Dodging        | 1 4 5 |  5.7
Shields        | 4 5 7 |  7.0
Short Blades   | 3 |  3.8
Throwing       | 2 |  2.2
Fighting       | |  3.6
Armour         | |  3.6

Action                   |  1- 3 |  4- 6 |  7- 9 || total
-------------------------+-------+-------+-------++-------
Melee: Long sword        |    57 |    37 |   110 ||   204
       Dagger            |       |       |   120 ||   120
Throw: Javelin           |     1 |     4 |     5 ||    10
       Boomerang         |       |       |    13 ||    13
Evoke: Wand              |       |     1 |     2 ||     3
  Use: Scroll            |       |     5 |     6 ||    11
       Potion            |       |       |     6 ||     6
 Stab: Paralysed         |       |     7 |     6 ||    13
Armor: Scale mail        |    38 |     8 |    44 ||    90
       Steam dragon scal |       |       |    27 ||    27
       Leather armour    |       |       |     1 ||     1
Dodge: Dodged            |    30 |     9 |    98 ||   137
Block: Buckler           |    21 |     7 |    65 ||    93

Table legend: (Time is in decaauts)
 A = Elapsed time spent in this place.
 B = Non-inter-level travel time spent in this place.
 C = Inter-level travel time spent in this place.
 D = Time resting spent in this place.
 E = Time spent auto-exploring this place.
 F = Levels seen in this place.
 G = Mean time per level.
                   A        B        C        D        E       F      G
               +--------+--------+--------+--------+--------+-----+--------+
         Total |   1749 |   1552 |    197 |      0 |    154 |   8 |  218.6 |
       Dungeon |   1613 |   1416 |    197 |      0 |    154 |   7 |  230.4 |
        Bailey |    136 |    136 |      0 |      0 |      0 |   1 |  136.0 |
               +--------+--------+--------+--------+--------+-----+--------+

Top non-repeatable levels by time:
     D:4: 402 daAuts
     D:5: 358 daAuts
     D:7: 327 daAuts
     D:6: 204 daAuts
  Bailey: 136 daAuts
     D:2: 112 daAuts
     D:1: 110 daAuts
     D:3: 99 daAuts
